 Dungeon Crawl Stone Soup version 0.29-a0-219-g0a02b1cf4f (webtiles) character file.

Game seed: 3228966429895166433

162 Hasart the Vexing (level 4, 0/36 HPs)
             Began as a Demigod Arcane Marksman on Feb 25, 2022.
             Slain by an orc wizard
             ... wielding a +0 dagger of protection
              (1 damage)
             ... on level 4 of the Dungeon.
             The game lasted 00:04:25 (3159 turns).

Hasart the Vexing (Demigod Arcane Marksman)         Turns: 3159, Time: 00:04:26

Health: 0/36       AC:  3    Str: 11    XL:     4   Next: 99%
Magic:  0/9        EV: 13    Int: 15    God:
Gold:   136        SH:  0    Dex: 18    Spells: 2/6 levels left

rFire   . . .      SeeInvis .   a - +0 shortbow
rCold   . . .      Faith    .   (shield currently unavailable)
rNeg    . . .      Spirit   .   b - +0 robe
rPois   .          Reflect  .   (no helmet)
rElec   .          Harm     .   e - +0 cloak
rCorr   .          Rampage  .   (no gloves)
Will    .....                   (no boots)
Stlth   ++........              (no amulet)
HPRegen 0.12/turn               (no ring)
MPRegen 0.11/turn               (no ring)

@: no status effects
A: high MP 1, forlorn, divine attributes
a: no special abilities


You were on level 4 of the Dungeon.
You visited 1 branch of the dungeon, and saw 4 of its levels.

You collected 136 gold pieces.

Inventory:

Hand Weapons
 a - a +0 shortbow (weapon)
Armour
 b - a +0 robe (worn)
 e - a +0 cloak (worn)
Scrolls
 c - 2 scrolls of amnesia {unknown}
Potions
 f - a potion of might {unknown}
 g - a potion of flight {unknown}
 h - a potion of mutation {unknown}
 i - 2 potions of heal wounds {unknown}


   Skills:
 + Level 1.6 Fighting
 * Level 3.1 Bows
 + Level 2.5 Dodging
 + Level 1.3 Stealth
 + Level 1.7 Spellcasting
 + Level 3.1 Hexes
 + Level 0.6 Translocations


You had 2 spell levels left.
You knew the following spells:

 Your Spells              Type           Power      Damage    Failure   Level
a - Slow                  Hex            40%        N/A       6%          1
b - Portal Projectile     Hex/Tloc       12%        N/A       32%         3

Your spell library contained the following spells:

 Spells                   Type           Power      Damage    Failure   Level
 Animate Skeleton         Necr           2%         N/A       22%         1
 Pain                     Necr           4%         1d4       22%         1
 Sublimation of Blood     Necr           1%         N/A       34%         2
 Inner Flame              Hex/Fire       5%         N/A       36%         3
 Cause Fear               Hex            5%         N/A       54%         4
 Vampiric Draining        Necr           1%         2d6       56%         3
 Petrify                  Tmut/Erth      1%         N/A       92%         4
 Irradiate                Conj/Tmut      0%         3d14      99%         5


Dungeon Overview and Level Annotations

Branches:
Dungeon (4/15)
 Temple: D:4-7

Shops:
D:3 (

Annotations:
D:3 1 runed translucent door, r33k's ghost, amateur DEHu


Innate Abilities, Weirdness & Mutations

You have an increased reservoir of magic. (+10% MP)
You shall have no god before yourself.
Your divine heritage dramatically boosts your attributes as you level up.


Message History

The orc wizard hits you but does no damage.
Your magical contamination has completely faded away.
Casting: Slow (safe; 6% risk of failure)
Confirm with . or Enter, or press ? or * to list all spells.
The spell is quite dangerous to miscast (32% risk of failure)!
Continue anyway?
You begin teleporting projectiles to their destination.
Shoot: a) +0 shortbow
Press: ? - help, Q - select action, (/) - cycle Shift-Dir - straight line, f/p - orc wizard
Aim: an orc wizard, wielding a +0 dagger of protection and wearing a +0 robe (lightly wounded, slow, 55% to hit)
You magically shoot an arrow.
The arrow misses the orc wizard.
The orc wizard hits you with a +0 dagger of protection.
* * * LOW HITPOINT WARNING * * *
Shoot: a) +0 shortbow
Press: ? - help, Q - select action, (/) - cycle Shift-Dir - straight line, f/p - orc wizard
Aim: an orc wizard, wielding a +0 dagger of protection and wearing a +0 robe (lightly wounded, slow, 55% to hit)
You magically shoot an arrow.
The arrow hits the orc wizard.
The orc wizard is moderately wounded.
The orc wizard hits you with a +0 dagger of protection.
* * * LOW HITPOINT WARNING * * *
Shoot: a) +0 shortbow
Press: ? - help, Q - select action, (/) - cycle Shift-Dir - straight line, f/p - orc wizard
Aim: an orc wizard, wielding a +0 dagger of protection and wearing a +0 robe (moderately wounded, slow, 55% to hit)
You shoot an arrow. The arrow barely misses the orc wizard.
The orc wizard completely misses you.
Shoot: a) +0 shortbow
Press: ? - help, Q - select action, (/) - cycle Shift-Dir - straight line, f/p - orc wizard
Aim: an orc wizard, wielding a +0 dagger of protection and wearing a +0 robe (moderately wounded, slow, 55% to hit)
You shoot an arrow. The arrow hits the orc wizard.
The orc wizard is severely wounded.
You are no longer teleporting projectiles to their destination.
The orc wizard gestures at you while chanting.
The puff of flame hits you!
* * * LOW HITPOINT WARNING * * *
Shoot: a) +0 shortbow
Press: ? - help, Q - select action, (/) - cycle Shift-Dir - straight line, f/p - orc wizard
Aim: an orc wizard, wielding a +0 dagger of protection and wearing a +0 robe (severely wounded, slow, 55% to hit)
You shoot an arrow.
The arrow closely misses the orc wizard.
The orc wizard hits you with a +0 dagger of protection.
You die...

########. #........
#........#
#################........#
................>........#
######.########.........#
#........o@..........#
#.#.#########........#
#.#.........'.......†#####
# #..########............#
#..................###.#
#..................# #.#
#..........)......## #.#
#..#####..........# #.#
#..# #..........# #.#


You could see an orc wizard (slow).

Vanquished Creatures
  An orc wizard (D:3)
  3 adders
  4 worms (D:2)
  2 dart slugs
  9 orcs
  6 ball pythons
  9 endoplasms
  A giant cockroach (D:3)
  13 goblins
  6 hobgoblins
  6 jackals (D:2)
  2 quokkas
  2 bats (D:1)
  7 frilled lizards
  5 kobolds
  4 rats
80 creatures vanquished.

Vanquished Creatures (others)
  2 withered plants (D:3)
2 creatures vanquished.

Grand Total: 82 creatures vanquished

Notes
Turn   | Place    | Note
-------+----------+-------------------------------------------
     0 | D:1      | Hasart the Demigod Arcane Marksman began the quest for the
                  | Orb.
     0 | D:1      | Reached XP level 1. HP: 15/15 MP: 4/4
   185 | D:1      | Reached skill level 1 in Fighting
   245 | D:1      | Reached XP level 2. HP: 23/23 MP: 6/6
   832 | D:1      | Reached XP level 3. HP: 28/28 MP: 7/7
   869 | D:1      | Learned a level 3 spell: Portal Projectile
  1753 | D:2      | Reached skill level 1 in Stealth
  2046 | D:2      | Reached XP level 4. HP: 30/35 MP: 8/8
  2417 | D:3      | Found a runed translucent door.
  2419 | D:3      | Noticed r33k's ghost (amateur DEHu)
  2909 | D:3      | Found Xusaqisubi's Weapon Shoppe.
  2911 | D:3      | Noticed a phantom
  3158 | D:4      | HP: 1/36 [orc wizard/puff of flame (7)]
  3159 | D:4      | Slain by an orc wizard

Illustrated notes

Levels and vault maps discovered:
D:1:      minmay_arrival_radiant_lines, layout_basic,
          shapermc_ecumenical_altar_flowoftime, lemuel_flame_loot_1
D:2:      layout_basic, serial_forest, infiniplex_forest_fountain,
          infiniplex_forest_end_2, infiniplex_forest_lined_3,
          infiniplex_forest_lined_room_2, infiniplex_forest_lined_corner
D:3:      layout_rooms, serial_shops, shop, gammafunk_ghost_grave
D:4:      layout_basic, serial_shops, nicolae_shop_bloodbath_and_beyond,
          uniq_pikel, uniq_blork_the_orc

Skill      XL: |  1  2  3  4 |
---------------+-------------+-----
Fighting       | 1 |  1.6
Bows           | 2 3 |  3.1
Dodging        | 2 |  2.5
Stealth        | 1 |  1.3
Hexes          | 3 |  3.1
Spellcasting   | |  1.7
Translocations | |  0.6

Action                   |  1- 3 |  4- 6 || total
-------------------------+-------+-------++-------
 Fire: Shortbow          |   143 |   102 ||   245
 Cast: Slow              |       |     6 ||     6
       Portal Projectile |       |     1 ||     1
  Use: Scroll            |       |     1 ||     1
       Potion            |       |     1 ||     1
Armor: Robe              |     5 |    12 ||    17
Dodge: Dodged            |    36 |    48 ||    84

Table legend: (Time is in decaauts)
 A = Elapsed time spent in this place.
 B = Non-inter-level travel time spent in this place.
 C = Inter-level travel time spent in this place.
 D = Time resting spent in this place.
 E = Time spent auto-exploring this place.
 F = Levels seen in this place.
 G = Mean time per level.
                   A        B        C        D        E       F      G
               +--------+--------+--------+--------+--------+-----+--------+
         Total |   3253 |   3122 |    131 |     87 |   2481 |   4 |  813.2 |
       Dungeon |   3253 |   3122 |    131 |     87 |   2481 |   4 |  813.2 |
               +--------+--------+--------+--------+--------+-----+--------+

Top non-repeatable levels by time:
     D:1: 1408 daAuts
     D:2: 1080 daAuts
     D:3: 578 daAuts
     D:4: 186 daAuts
